 Dungeon Crawl Stone Soup version 0.31-a0-1540-g5a0b83f448 (webtiles) character file.

Game seed: 1158848558863563377

52 wildpjah the Sneak (level 3, -4/16 HPs)
             Began as a Vine Stalker Enchanter on Jan 2, 2024.
             Slain by a gnoll
             ... wielding a +0 flail
              (6 damage)
             ... on level 2 of the Dungeon.
             The game lasted 00:03:00 (1183 turns).

wildpjah the Sneak (Vine Stalker Enchanter)         Turns: 1183, Time: 00:03:01

Health: -4/16      AC:  2    Str: 10    XL:     3   Next: 85%
Magic:  0/7        EV: 12    Int: 15    God:
Gold:   28         SH:  0    Dex: 16    Spells: 1/6 levels left

rFire   . . .        a - +1 dagger
rCold   . . .        (no shield)
rNeg    . . .        b - +0 robe
rPois   .            (no helmet)
rElec   .            (no cloak)
rCorr   .            (no gloves)
SInv    .            (no boots)
Will    .....        (no amulet)
Stlth   +++          (no ring)
HPRegen 1.02/turn    (no ring)
MPRegen 0.10/turn

%: guardian spirit
@: no status effects
A: fangs 2, regeneration 1, magic shield, antimagic bite, no potion heal 2
a: no special abilities


You were on level 2 of the Dungeon.
You visited 1 branch of the dungeon, and saw 2 of its levels.

You collected 28 gold pieces.

Inventory:

Hand Weapons
 a - a +1 dagger (weapon)
 g - a +0 short sword
Armour
 b - a +0 robe (worn)
 f - a +0 pair of boots
Scrolls
 d - a scroll of fog {unknown}
 e - 3 scrolls of identify {unknown}
 j - a scroll of amnesia {unknown}
 m - a scroll of noise {unknown}
Potions
 c - 2 potions of invisibility
 h - a potion of heal wounds {unknown}
 i - a potion of enlightenment {unknown}
 k - a potion of magic {unknown}
 l - 2 potions of haste {unknown}
 n - a potion of degeneration {unknown}


   Skills:
 + Level 1.4 Short Blades
 + Level 1.6 Dodging
 * Level 4.5 Stealth
 * Level 2.4 Spellcasting
 + Level 3.6 Hexes


You had one spell level left.
You knew the following spells:

 Your Spells              Type           Power      Damage    Failure   Level
a - Ensorcelled Hibernat  Hex/Ice        14%        N/A       16%         2
b - Confusing Touch       Hex            12%        N/A       14%         3

Your spell library contained the following spells:

 Spells                   Type           Power      Damage    Failure   Level
 Kiss of Death            Conj/Necr      4%         2d5       22%         1
 Sandblast                Erth           2%         2d4       22%         1
 Tukima's Dance           Hex            12%        N/A       14%         3
 Dazzling Flash           Conj/Hex       14%        N/A       30%         3
 Passwall                 Erth           1%         N/A       54%         3
 Stone Arrow              Conj/Erth      2%         3d7       54%         3
 Brom's Barrelling Bould  Conj/Erth      1%         2d3       91%         4
 Dispel Undead            Necr           1%         3d6       91%         4


Dungeon Overview and Level Annotations

Branches:
Dungeon (2/15)

Altars:


Innate Abilities, Weirdness & Mutations

You have extremely sharp teeth.
Your natural rate of healing is unusually fast.
When hurt, damage is shared between your health and your magic reserves.
Your bite disrupts and absorbs the magic of your enemies.
Potions cannot restore your health.


Message History

The endoplasm is severely wounded.
The endoplasm misses you.
You hit the endoplasm but do no damage.
The endoplasm is severely wounded.
The endoplasm hits you.
You hit the endoplasm.
You kill the endoplasm!
No target in view!
Found a stone staircase leading up.
m - a scroll labelled JITZOCV MATAD A rat comes into view.
The rat squeaks loudly.
Found an amethyst potion.
The rat closely misses you.
You hit the rat.
You kill the rat!
n - an amethyst potion A ball python skeleton comes into view.
The helpless ball python skeleton fails to defend itself.
You impale the ball python skeleton!!
You destroy the ball python skeleton!
No target in view!
A gnoll comes into view. It is wielding a +0 flail.
The gnoll shouts!
You hear a shout! x2
A gnoll comes into view.
It is wielding a +0 spear and quivering a throwing net.
A gnoll comes into view. It is wielding a +0 spear.
A gnoll comes into view. It is wielding a +0 whip.
The gnoll barely misses you.
The gnoll hits you from afar with a +0 spear.
The gnoll barely misses you. The gnoll hits you with a +0 whip.
The gnoll attacks as it pursues you! The gnoll hits you with a +0 flail!
You closely miss the gnoll.
Aiming: Ensorcelled Hibernation (safe; 16% risk of failure)
Press: ? - help, Q - select action Shift-Dir - straight line, f - gnoll
Aim: a gnoll, wielding a +0 flail (chance to affect: 50%)
The gnoll resists with some effort.
The gnoll hits you from afar with a +0 spear.
* * * LOW HITPOINT WARNING * * *
The gnoll hits you with a +0 flail.
You die...

# ###.####.#
##...#....#
###..#.#....##
#...##.#.P...#
##.####....P..#
# ...#
#######.##
####.## .###
#..## .......
.#
##..##g......
## ##.@gg......
# ####g...... #
....... #######


You could see 4 gnolls.

Vanquished Creatures
  2 adder zombies (D:2)
  A dart slug (D:1)
  3 ball pythons
  6 endoplasms
  2 giant cockroaches (D:2)
  A goblin (D:2)
  8 hobgoblins
  3 quokkas
  A ball python skeleton (D:2)
  2 bats (D:1)
  A frilled lizard (D:1)
  A giant cockroach zombie (D:2)
  3 kobolds
  A quokka zombie (D:2)
  4 rats
39 creatures vanquished.

Notes
Turn   | Place    | Note
-------+----------+-------------------------------------------
     0 | D:1      | wildpjah the Vine Stalker Enchanter began the quest for the
                  | Orb.
     0 | D:1      | Reached XP level 1. HP: 9/9 MP: 4/4
    93 | D:1      | Reached XP level 2. HP: 10/13 MP: 1/6
   225 | D:1      | Reached skill level 4 in Stealth
   704 | D:1      | Reached skill level 1 in Short Blades
   800 | D:2      | Reached XP level 3. HP: 16/16 MP: 7/7
   811 | D:2      | Learned a level 2 spell: Ensorcelled Hibernation
   815 | D:2      | Learned a level 3 spell: Confusing Touch
   836 | D:2      | Found a faded altar of an unknown god.
  1183 | D:2      | Slain by a gnoll

Illustrated notes

Levels and vault maps discovered:
D:1:      minmay_arrival_up_and_down, layout_basic
D:2:      layout_rooms, shapermc_ecumenical_altar_venn, serial_undead,
          serial_undead_f, serial_undead_c, serial_undead_e, serial_undead_c,
          kennysheep_generic_room_7

Skill      XL: |  1  2 |
---------------+-------+-----
Stealth        | 4 |  4.5
Short Blades   | 1 |  1.4
Dodging        | |  1.6
Spellcasting   | |  2.4
Hexes          | |  3.6

Action                     || total
---------------------------++-------
  Melee: Dagger            ||   113
         Bite              ||    34
   Cast: Ensorcelled Hiber ||     2
   Stab: Sleeping          ||     8
 Armour: Robe              ||    54
  Dodge: Dodged            ||    64

Table legend: (Time is in decaauts)
 A = Elapsed time spent in this place.
 B = Non-inter-level travel time spent in this place.
 C = Inter-level travel time spent in this place.
 D = Time resting spent in this place.
 E = Time spent auto-exploring this place.
 F = Levels seen in this place.
 G = Mean time per level.
                   A        B        C        D        E       F      G
               +--------+--------+--------+--------+--------+-----+--------+
         Total |   1177 |   1106 |     71 |      0 |    806 |   2 |  588.5 |
       Dungeon |   1177 |   1106 |     71 |      0 |    806 |   2 |  588.5 |
               +--------+--------+--------+--------+--------+-----+--------+

Top non-repeatable levels by time:
     D:1: 784 daAuts
     D:2: 392 daAuts
